 Dungeon Crawl Stone Soup version 0.30-a0-972-gf3ab3527aa (webtiles) character file.

Game seed: 2475795432938630203

38 Demosthentine the Poker (level 3, -1/28 HPs)
             Began as a Demonspawn Gladiator on Mar 31, 2023.
             Slain by Robin
             ... wielding a +0 whip
              (3 damage)
             ... on level 2 of the Dungeon.
             The game lasted 00:00:55 (732 turns).

Demosthentine the Poker (Demonspawn Gladiator)       Turns: 732, Time: 00:00:55

Health: -1/28      AC:  4    Str: 16    XL:     3   Next: 25%
Magic:  3/3        EV: 12    Int:  9    God:
Gold:   33         SH:  0    Dex: 14    Spells: 2/2 levels left

rFire   . . .      SeeInvis .    a - +1 trident
rCold   . . .      Faith    .    (no shield)
rNeg    . . .      Spirit   .    b - +0 leather armour
rPois   .          Reflect  .    c - +0 helmet
rElec   .          Rampage  .    (no cloak)
rCorr   .                        (no gloves)
Will    .....                    (no boots)
Stlth   +                        (no amulet)
HPRegen 0.24/turn                (no ring)
MPRegen 0.08/turn                (no ring)

@: no status effects
A: demonic magic 1
a: no special abilities


You were on level 2 of the Dungeon.
You visited 1 branch of the dungeon, and saw 2 of its levels.

You collected 33 gold pieces.

Inventory:

Hand Weapons
 a - a +1 trident (weapon)
Missiles
 d - 3 throwing nets (quivered)
 e - a javelin
Armour
 b - a +0 leather armour (worn)
 c - a +0 helmet (worn)
Jewellery
 l - a ring of flight
Scrolls
 g - 2 scrolls of teleportation
Potions
 f - a potion of flight
 h - a potion of resistance {unknown}
 j - a potion of might {unknown}
 m - 2 potions of lignification {unknown}


   Skills:
 + Level 2.5 Fighting
 + Level 3.1 Polearms
 - Level 1.7 Throwing
 + Level 1.1 Armour
 + Level 3.0 Dodging


You had 2 spell levels left.
You didn't know any spells.
Your spell library was empty.

Dungeon Overview and Level Annotations

Branches:
Dungeon (2/15)

Altars:

Annotations:
D:2 Robin


Innate Abilities, Weirdness & Mutations

Spells you cast may paralyse adjacent enemies.


Message History

* * * LOW HITPOINT WARNING * * *
Unknown command.
The goblin attacks as you move away! The goblin hits you with a +0 club.
* * * LOW HITPOINT WARNING * * *
Items here: ))) †.
Unknown command.
You hit the goblin.
The goblin is almost dead.
The goblin hits you but does no damage.
Unknown command.
You hit the goblin.
You kill the goblin!
Unknown command.
You hit Robin but do no damage.
A goblin comes into view. It is wielding a +0 club.
Robin barely misses you. Robin misses you.
You hit Robin.
Robin is lightly wounded.
Robin throws the goblin at you!
* * * LOW HITPOINT WARNING * * *
A goblin comes into view. It is wielding a +0 dagger.
You puncture Robin!
Robin is heavily wounded.
The goblin closely misses you. Robin barely misses you.
Unknown command.
You barely miss the goblin. The goblin closely misses you.
Robin hits you but does no damage.
Unknown command.
You hit the goblin.
You kill the goblin!
Robin throws the goblin at you!
A goblin comes into view. It is wielding a +0 dagger.
The goblin hits you with a +0 dagger.
* * * LOW HITPOINT WARNING * * *
Unknown command.
You barely miss the goblin. Robin closely misses you.
The goblin hits you but does no damage.
Unknown command.
You barely miss the goblin. Robin hits you with a +0 whip.
You die...

# #.
###.g####
g.ggg.).# #g#
#)# #g# ###
#@# ..# #g#
#.# #.# #.#
#.# #.# #.#
.######.###.#
............#
.....##.#####
####.##.#


You could see Robin and 2 goblins.

Vanquished Creatures
  2 dart slugs (D:1)
  3 ball pythons (D:1)
  11 goblins
  5 hobgoblins
  2 quokkas (D:1)
  2 bats (D:1)
  A frilled lizard (D:1)
  4 rats (D:1)
30 creatures vanquished.

Notes
Turn   | Place    | Note
-------+----------+-------------------------------------------
     0 | D:1      | Demosthentine the Demonspawn Gladiator began the quest for
                  | the Orb.
     0 | D:1      | Reached XP level 1. HP: 16/16 MP: 1/1
   198 | D:1      | Gained mutation: Spells you cast may paralyse adjacent
                  | enemies. [demonic ancestry]
   198 | D:1      | Reached XP level 2. HP: 15/22 MP: 2/2
   588 | D:1      | Reached skill level 1 in Armour
   708 | D:2      | Noticed Robin
   712 | D:2      | Reached XP level 3. HP: 21/28 MP: 3/3
   730 | D:2      | HP: 1/28 [goblin/+0 dagger[Robin] (3)]
   732 | D:2      | Slain by Robin

Illustrated notes

Levels and vault maps discovered:
D:1:      dpeg_arrival_fog, layout_basic, moated_statue, minmay_crystal_room
D:2:      layout_loops_ring, serial_shops, nicolae_shop_advertising_works
          [nicolae_subvault_shop_adworks], shapermc_ecumenical_altar_venn,
          uniq_robin

Skill      XL: |  1  2 |
---------------+-------+-----
Polearms       | 3 |  3.1
Dodging        | 3 |  3.0
Armour         | 1 |  1.1
Fighting       | |  2.5
Throwing       | |  1.7

Action                     || total
---------------------------++-------
  Melee: Trident           ||    73
    Use: Scroll            ||     4
         Potion            ||     1
   Stab: Sleeping          ||     2
 Armour: Leather armour    ||    18
  Dodge: Dodged            ||    28

Table legend: (Time is in decaauts)
 A = Elapsed time spent in this place.
 B = Non-inter-level travel time spent in this place.
 C = Inter-level travel time spent in this place.
 D = Time resting spent in this place.
 E = Time spent auto-exploring this place.
 F = Levels seen in this place.
 G = Mean time per level.
                   A        B        C        D        E       F      G
               +--------+--------+--------+--------+--------+-----+--------+
         Total |    742 |    707 |     35 |      0 |    549 |   2 |  371.0 |
       Dungeon |    742 |    707 |     35 |      0 |    549 |   2 |  371.0 |
               +--------+--------+--------+--------+--------+-----+--------+

Top non-repeatable levels by time:
     D:1: 660 daAuts
     D:2: 82 daAuts
